 Dungeon Crawl Stone Soup version 0.22.1-1-ga44c0e56f4 (webtiles) character file.

28065 Cykl0x the Cleaver (level 13, -7/84 HPs)
             Began as a Gargoyle Berserker on Oct 11, 2018.
             Was a High Priest of Trog.
             Mangled by an earth elemental (16 damage)
             ... in a volcano on Oct 12, 2018.
             The game lasted 01:10:43 (14356 turns).

Cykl0x the Cleaver (Gargoyle Berserker)            Turns: 14356, Time: 01:10:44

Health: -7/84      AC: 32    Str: 23    XL:     13   Next: 36%
Magic:  0/13       EV: 12    Int: 12    God:    Trog [*****.]
Gold:   743        SH:  0    Dex: 11    Spells: 12/12 levels left

rFire    x . .     SeeInvis .   J - +6 battleaxe (flame)
rCold    + + .     Gourm    .   (shield currently unavailable)
rNeg     + . .     Faith    .   B - +1 ice dragon scales of Yesterday {+Blink rF- rC++ Int+3}
rPois    ∞         Spirit   +   C - +0 helmet
rElec    +         Reflect  .   l - +0 cloak
rCorr    .         Harm     .   f - +0 pair of gloves
MR       ++...                  z - +0 pair of boots
Stlth    ..........             L - amulet of guardian spirit
HPRegen  1.24/turn              o - +2 ring of slaying
MPRegen  0.13/turn              n - +3 ring of protection

@: regenerating
A: negative energy resistance 1, electricity resistance, unbreathing,
petrification resistance, rot immunity, AC +9
a: Berserk, Trog's Hand, Brothers in Arms, Renounce Religion, Evoke Blink


You were in a volcano.
You worshipped Trog.
Trog was extremely pleased with you.
You were hungry.

You visited 2 branches of the dungeon, and saw 14 of its levels.
You also visited: Labyrinth, Ossuary and Volcano.

You collected 743 gold pieces.

Inventory:

Hand Weapons
 J - a +6 battleaxe of flaming (weapon)
 M - a +0 blowgun
Missiles
 t - 9 tomahawks of returning
 v - 3 steel tomahawks
 K - 3 tomahawks (quivered)
 O - 6 curare-tipped needles
Armour
 f - a +0 pair of gloves (worn)
 l - a +0 cloak (worn)
 z - a +0 pair of boots (worn)
 B - the +1 ice dragon scales of Yesterday (worn) {+Blink rF- rC++ Int+3}
   (You took it off a minotaur in a labyrinth)

   It affects your intelligence (+3).
   It makes you vulnerable to fire.
   It greatly protects you from cold.
   It lets you blink.
 C - a +0 helmet (worn)
Jewellery
 n - a +3 ring of protection (right hand)
 o - a +2 ring of slaying (left hand)
 L - an amulet of guardian spirit (around neck)
Wands
 k - a wand of polymorph (23)
 m - a wand of enslavement (17)
 q - a wand of acid (5)
 u - a wand of flame (77)
 y - a wand of iceblast (23)
 H - a wand of random effects (37)
 I - a wand of digging (29)
 N - a wand of disintegration (19)
Scrolls
 e - 8 scrolls of remove curse
 p - a scroll of fear
 s - a scroll of fog
 D - 2 scrolls of blinking
 E - 5 scrolls of teleportation
 Q - a scroll of enchant armour
 R - 2 scrolls of identify
Potions
 a - 2 potions of magic
 b - 4 potions of haste
 d - 8 potions of flight
 g - 2 potions of cancellation
 h - 2 potions of resistance
 i - 3 potions of invisibility
 j - a potion of brilliance
 r - 2 potions of degeneration
 w - 9 potions of might
 A - 3 potions of lignification
 F - 3 potions of ambrosia
 G - a potion of agility
Comestibles
 c - 21 rations


   Skills:
 + Level 10.9 Fighting
 + Level 14.8 Axes
 + Level 0.8 Throwing
 + Level 9.7 Armour
 + Level 4.8 Dodging
 + Level 1.8 Stealth
   Level 5.7 Shields
 + Level 0.7 Unarmed Combat


You had 12 spell levels left.
You didn't know any spells.
Your spell library was empty.

Dungeon Overview and Level Annotations

Branches:
Dungeon (10/15)            Temple (0/1) D:4            Lair (4/6) D:10
 Shoals (0/4) Lair:3       Spider (0/4) Lair:2
    Orc: D:9-12

Altars:
Ashenzari
Dithmenos
Fedhas
Gozag
Hepliaklqana
Kikubaaqudgha
Makhleb
Nemelex Xobeh
Okawaru
Qazlal
Ru
Uskayaw
Xom
Yredelemnul
The Shining One

Shops:
D:5 ![(!   D:8 (

Annotations:
D:8 exclusion: ice statue


Innate Abilities, Weirdness & Mutations

You are resistant to torment.
Your stone body is resilient. (AC +9)
You are immune to poison.
You resist negative energy. (rN+)
You are resistant to electric shocks. (rElec)
You can survive without breathing.
You are immune to petrification.
You are immune to rotting.


Message History

The molten gargoyle hits you but does no damage.
The earth elemental hits you!
* * * LOW HITPOINT WARNING * * *
Your ice dragon scales of Yesterday prevents you from hitting the molten You hit the earth elemental but do no damage.
The molten gargoyle blasts magma at you!
The bolt of magma hits you! The lava burns you terribly!
* * * LOW HITPOINT WARNING * * *
Okay, then.
Your skin crawls.
You feel resistant to hostile enchantments.
You are feeling hungry.
The earth elemental hits you but does no damage.
The molten gargoyle hits you but does no damage.
You barely miss the molten gargoyle. You slash the earth elemental!
You slash the molten gargoyle!
The molten gargoyle is heavily damaged.
You barely miss the earth elemental. The molten gargoyle misses you.
The earth elemental hits you!!
You die...

###+ ##..#
##...#
#....#
#...# #E9##
#@.## ##..#
####'#
###...##
###....≈#
##....≈≈≈##
#...≈≈≈kk≈#
#...≈≈≈.≈≈#
##....≈≈≈##


You could see an earth elemental and a molten gargoyle.

Vanquished Creatures
  Gastronok (D:9)
  A minotaur (Lab)
  A hydra (Lair:1)
  Harold (D:7)
  Erica (Lair:2)
  Sonja (Lair:2)
  An unseen horror (D:10)
  A flayed ghost (D:9)
  Pikel (D:7)
  A toenail golem (Volcano)
  3 molten gargoyles (Volcano)
  Psyche (D:8)
  A torpor snail (Lair:4)
  9 spiny frogs
  A centaur skeleton (D:10)
  A komodo dragon (Lair:1)
  An efreet (Volcano)
  A troll (D:10)
  A snapping turtle (Lair:3)
  3 blink frogs (Lair:4)
  3 hippogriffs
  3 redbacks (Lab)
  20 yaks
  A vampire (D:9)
  5 wraiths (D:9)
  2 fire bats (D:9)
  5 hungry ghosts (Lab)
  Eustachio (D:5)
  Grum (D:8)
  4 basilisks (Lab)
  Menkaure (Ossuary)
  Edmund (D:6)
  9 porcupines
  10 water moccasins
  2 black bears
  4 orc warriors
  A hornet zombie (D:10)
  2 sky beasts
  A slave (D:7)
  3 ice beasts
  3 phantoms
  4 ogres
  9 wolves
  3 centaurs
  2 big kobolds
  4 crocodiles
  11 bullfrogs
  A gnoll sergeant (D:5)
  A wyvern skeleton (D:10)
  A water moccasin skeleton (D:4)
  3 scorpions
  6 wights
  5 killer bees (D:9)
  3 howler monkeys (D:9)
  5 electric eels
  3 crimson imps
  3 quasits
  3 jellies
  8 orc priests
  6 hounds
  2 bullfrog skeletons
  An iguana (D:5)
  Jessica (D:3)
  Terence (D:3)
  Natasha (thrice) (D:3)
  12 orc wizards
  9 worker ants
  4 mummies
  4 gnolls (D:6)
  11 adders
  3 shadow imps
  2 oozes
  2 adder skeletons
  7 worms
  2 dart slugs (D:1)
  6 leopard geckos
  36 orcs
  7 giant cockroaches
  4 goblins (D:1)
  5 hobgoblins
  14 jackals
  13 kobolds
  2 quokkas
  2 ball pythons
  13 bats
  6 frilled lizards
  2 gnoll skeletons (Ossuary)
  3 gnoll zombies (Ossuary)
  2 goblin skeletons (Ossuary)
  3 goblin zombies (Ossuary)
  2 hobgoblin zombies
  4 kobold skeletons (Ossuary)
  A kobold zombie (Ossuary)
  3 orc skeletons (Ossuary)
  5 orc zombies
  2 rats (D:3)
  5 rat skeletons (Ossuary)
  3 rat zombies (Ossuary)
  A bush (Lair:2)
  2 plants (Lair:4)
405 creatures vanquished.

Vanquished Creatures (others)
  A human (D:8)
  2 gnoll skeletons (Ossuary)
  A goblin skeleton (Ossuary)
  A goblin zombie (Ossuary)
  2 hobgoblin skeletons (Ossuary)
  2 hobgoblin zombies (Ossuary)
  2 kobold skeletons (Ossuary)
  4 kobold zombies (Ossuary)
  An orc skeleton (Ossuary)
  A rat skeleton (Ossuary)
  3 rat zombies (Ossuary)
  A fire vortex (Volcano)
  2 plants
23 creatures vanquished.

Grand Total: 428 creatures vanquished

Notes
Turn   | Place    | Note
-------+----------+-------------------------------------------
     0 | D:1      | Cykl0x the Gargoyle Berserker began the quest for the Orb.
     0 | D:1      | Reached XP level 1. HP: 14/14 MP: 1/1
   112 | D:1      | Reached XP level 2. HP: 14/19 MP: 2/2
   137 | D:1      | Reached skill level 3 in Axes
   443 | D:1      | Reached XP level 3. HP: 22/23 MP: 3/3
   929 | D:2      | Found a hazy altar of Hepliaklqana.
   930 | D:2      | Found a shimmering altar of Xom.
   930 | D:2      | Noticed an earth elemental
   931 | D:2      | Noticed an earth elemental
   931 | D:2      | Noticed a spectral ugly thing
  1091 | D:2      | Reached XP level 4. HP: 27/29 MP: 4/4
  1135 | D:2      | Found an iron altar of Okawaru.
  1137 | D:2      | Found a sparkling altar of Nemelex Xobeh.
  1180 | D:2      | You fall through a shaft!
  1297 | D:3      | Reached ** piety under Trog
  1344 | D:3      | Reached skill level 4 in Axes
  1344 | D:3      | Reached XP level 5. HP: 28/33 MP: 5/5
  1381 | D:3      | Noticed Natasha
  1390 | D:3      | Killed Natasha
  1537 | D:3      | Noticed Terence
  1575 | D:3      | Noticed Natasha
  1577 | D:3      | Killed Terence
  1594 | D:3      | Killed Natasha
  1620 | D:3      | Noticed Natasha
  1630 | D:3      | Killed Natasha
  1630 | D:3      | Reached XP level 6. HP: 37/39 MP: 6/6
  1773 | D:3      | Noticed Jessica
  1778 | D:3      | Killed Jessica
  2125 | D:4      | Found a staircase to the Ecumenical Temple.
  2285 | D:4      | Reached *** piety under Trog
  2517 | D:4      | Reached skill level 1 in Stealth
  2538 | D:4      | Reached skill level 5 in Fighting
  2538 | D:4      | Reached skill level 5 in Axes
  2538 | D:4      | Reached skill level 1 in Shields
  2538 | D:4      | Reached XP level 7. HP: 23/44 MP: 7/7
  3038 | D:5      | Entered Level 5 of the Dungeon
  3101 | D:5      | Found Kyufegent's Distillery.
  3103 | D:5      | Found Refum's Distillery.
  3104 | D:5      | Found Haulog's Antique Weapon Shop.
  3105 | D:5      | Found Letem's Antique Armour Shop.
  3447 | D:5      | Noticed Eustachio
  3459 | D:5      | Reached XP level 8. HP: 44/49 MP: 8/8
  3470 | D:5      | Reached skill level 6 in Axes
  3512 | D:5      | Killed Eustachio
  3743 | D:5      | Found the +3 pair of gauntlets of War {Slay+5}
  3846 | D:6      | Found a shattered altar of Ashenzari.
  3870 | D:6      | Found a blossoming altar of Fedhas.
  4052 | D:6      | Reached **** piety under Trog
  4083 | D:6      | Received a gift from Trog
  4096 | D:6      | Reached skill level 7 in Axes
  4136 | D:6      | Reached skill level 5 in Armour
  4144 | D:6      | Reached XP level 9. HP: 43/55 MP: 9/9
  4213 | D:6      | Noticed Edmund
  4232 | D:6      | Killed Edmund
  4612 | D:7      | Found a hide-covered altar of Uskayaw.
  4612 | D:7      | Noticed a dagger
  4612 | D:7      | Noticed a hand axe
  4643 | D:7      | Found an opulent altar of Gozag.
  4643 | D:7      | Found a sacrificial altar of Ru.
  4899 | D:7      | Found a burning altar of Makhleb.
  4899 | D:7      | Found a shadowy altar of Dithmenos.
  5275 | D:7      | Noticed Pikel
  5296 | D:7      | Killed Pikel
  5296 | D:7      | Reached skill level 8 in Axes
  5340 | D:7      | Noticed Harold
  5358 | D:7      | Killed Harold
  5358 | D:7      | Reached skill level 9 in Axes
  5358 | D:7      | Reached XP level 10. HP: 23/61 MP: 10/10
  5677 | D:8      | Found Reggo's Weapon Boutique.
  5793 | D:8      | Noticed Psyche
  5803 | D:8      | Killed Psyche
  5818 | D:8      | Reached skill level 5 in Shields
  5947 | D:8      | Reached ***** piety under Trog
  5948 | D:8      | Noticed Grum
  5980 | D:8      | Killed Grum
  5980 | D:8      | Reached skill level 10 in Axes
  6003 | D:8      | Noticed an ice statue
  6064 | D:8      | Found a sand-covered staircase.
  6072 | Ossuary  | Entered an ossuary
  6399 | Ossuary  | Noticed Menkaure
  6404 | Ossuary  | Killed Menkaure
  6610 | D:8      | Received a gift from Trog
  6807 | D:8      | Found an ancient bone altar of Kikubaaqudgha.
  7171 | D:9      | Found a stormy altar of Qazlal.
  7328 | D:9      | Found a blossoming altar of Fedhas.
  7366 | D:9      | Reached XP level 11. HP: 57/68 MP: 3/11
  7544 | D:9      | Reached skill level 11 in Axes
  7552 | D:9      | Noticed Gastronok
  7555 | D:9      | Found a basalt altar of Yredelemnul.
  7586 | D:9      | Killed Gastronok
  7724 | D:9      | Found a runed door.
  7731 | D:9      | Noticed a flayed ghost
  7741 | D:9      | Killed a flayed ghost
  7773 | D:9      | Found a shimmering altar of Xom.
  7796 | D:9      | Found a shadowy altar of Dithmenos.
  7847 | D:9      | Found a sacrificial altar of Ru.
  7856 | D:9      | Found a shattered altar of Ashenzari.
  7856 | D:9      | Found a glowing golden altar of the Shining One.
  7952 | D:9      | Reached skill level 12 in Axes
  8483 | D:10     | Entered Level 10 of the Dungeon
  8518 | D:10     | Found a staircase to the Lair.
  8687 | D:10     | Killed an unseen horror
  9003 | D:10     | Reached XP level 12. HP: 76/76 MP: 12/12
  9032 | D:10     | Found an iron altar of Okawaru.
  9208 | Lair:1   | Entered Level 1 of the Lair of Beasts
  9391 | Lair:1   | Received a gift from Trog
  9401 | Lair:1   | Got a brightly glowing war axe {god gift}
  9447 | Lair:1   | Found a labyrinth entrance.
  9452 | Lab      | Entered a labyrinth
  9506 | Lab      | Reached skill level 13 in Axes
  9516 | Lab      | Identified the +6 war axe of Welfare {holy, *Contam rC+
                  | Int+4} (Trog gifted it to you on level 1 of the Lair of
                  | Beasts)
 10368 | Lab      | Noticed a minotaur
 10379 | Lab      | Killed a minotaur
 10384 | Lab      | Got scorched ice dragon scales
 10395 | Lab      | Identified the +1 ice dragon scales of Yesterday {+Blink
                  | rF- rC++ Int+3} (You took it off a minotaur in a labyrinth)
 11228 | Lair:1   | Noticed a seven-headed hydra
 11235 | Lair:1   | Killed a three-headed hydra
 11307 | Lair:1   | Reached skill level 10 in Fighting
 11695 | Lair:2   | Found a hole to the Spider Nest.
 11990 | Lair:2   | Reached skill level 14 in Axes
 12049 | Lair:2   | Noticed Sonja
 12057 | Lair:2   | Killed Sonja
 12208 | Lair:2   | Noticed Erica
 12223 | Lair:2   | Killed Erica
 12223 | Lair:2   | Reached XP level 13. HP: 66/83 MP: 10/13
 13042 | Lair:3   | Found a staircase to the Shoals.
 13601 | Lair:4   | Reached ****** piety under Trog
 13605 | Lair:4   | Received a gift from Trog
 13814 | Lair:4   | Found a dark tunnel.
 13819 | Volcano  | Entered a volcano
 14356 | Volcano  | Mangled by an earth elemental

Skill      XL: |  1  2  3  4  5  6  7  8  9 10 11 12 |
---------------+-------------------------------------+-----
Axes           | 3 4 5 7 9 10 12 14 | 14.8
Dodging        | 2 3 4 |  4.8
Fighting       | 4 5 6 8 9 10 | 10.9
Armour         | 3 4 5 6 7 8 9 |  9.7
Stealth        | 1 |  1.8
Shields        | 1 2 3 4 5 |  5.7
Throwing       | |  0.8
Unarmed Combat | |  0.7

Action                   |  1- 3 |  4- 6 |  7- 9 | 10-12 | 13-15 || total
-------------------------+-------+-------+-------+-------+-------++-------
Melee: Hand axe          |   108 |   192 |    50 |       |       ||   350
       Unarmed           |       |    17 |       |       |       ||    17
       War axe           |       |       |   293 |   173 |       ||   466
       Battleaxe         |       |       |       |   466 |    97 ||   563
Throw: Tomahawk          |       |    10 |       |     3 |       ||    13
Invok: Berserk           |       |       |       |     1 |       ||     1
       Trog's Hand       |       |       |       |       |     1 ||     1
  Use: Scroll            |     2 |     7 |     6 |    17 |     2 ||    34
       Potion            |       |       |       |     4 |     2 ||     6
 Stab: Sleeping          |     1 |       |       |       |       ||     1
  Eat: Chunk             |       |     3 |     3 |     7 |       ||    13
       Ration            |       |     1 |     2 |     7 |     2 ||    12
Armor: Animal skin       |     6 |       |       |       |       ||     6
       Scale mail        |    42 |   129 |    93 |       |       ||   264
       Skin              |       |     3 |       |       |       ||     3
       Chain mail        |       |       |   118 |   229 |       ||   347
       Plate armour      |       |       |       |   146 |       ||   146
       Ice dragon scales |       |       |       |   118 |    57 ||   175
Dodge: Dodged            |    74 |   130 |   110 |   298 |    47 ||   659
Block: Shield            |       |    29 |   190 |    87 |       ||   306
